San Jose Sharks vs Minnesota North Stars
Created - Monday, November 27, 2023 at 07:23
Goals
|
| San Jose Sharks |
1 |
0 |
0 |
1 |
| Minnesota North Stars |
1 |
1 |
1 |
3 |
|
Shots
|
| San Jose Sharks |
8 |
9 |
2 |
19 |
| Minnesota North Stars |
17 |
12 |
5 |
34 |
|
1st period
1. Minnesota North Stars , Viktor Arvidsson 22 (Frank Vatrano 11) at 5:59
2. San Jose Sharks , Nicholas Paul 12 (Andreas Athanasiou 28) at 15:47
Penalties :
Zach Parise (MNS) for Fighting (Major) at 6:04, Joel Edmundson (SJS) for Fighting (Major) at 6:04, Brock Nelson (MNS) for Tripping (Minor) at 7:04, Rasmus Dahlin (MNS) for Fighting (Major) at 13:51, Jacob Middleton (SJS) for Fighting (Major) at 13:51, Neal Pionk (MNS) for Fighting (Major) at 15:56, Connor Murphy (SJS) for Fighting (Major) at 15:56, Connor Murphy (SJS) for instigated a fight (Minor) at 15:56, Connor Murphy (SJS) for instigated a fight (10 Minutes Misconduct) at 15:56
2nd period
3. Minnesota North Stars , Adam Lowry 9 (Evan Rodrigues 16, Zach Parise 21) at 10:25
Penalties :
Ryan Nugent-Hopkins (MNS) for Roughing (Minor) at 2:35
3rd period
4. Minnesota North Stars , Brandon Montour 9 (Brock Nelson 29) at 19:43 (Empty Net)
Penalties :
Nikita Zadorov (SJS) for Slashing (Minor) at 5:03
Goalie Stats
James Reimer (SJS), 31 saves from 33 shots - (0.939), L, 5-4-0, 59:09 minutes
Stuart Skinner (MNS), 18 saves from 19 shots - (0.947), W, 23-6-5, 60:00 minutes
Players Stats for San Jose Sharks
Player Name G A P +/- PIM S H SB GA TA FO MP PP MP PK MP
------------------------------------------------------------------------------------
Adam Henrique 0 0 0 0 0 1 2 0 1 0 10/23 16:32 1:58 1:41
Alex Iafallo 0 0 0 -1 0 3 0 1 1 0 2/3 17:56 1:58 2:14
Andreas Athanasiou 0 1 1 1 0 0 1 0 1 0 1/1 13:11 0:00 0:00
Anthony Deangelo 0 0 0 -2 0 2 2 2 0 0 0/0 23:29 1:58 0:52
Connor Murphy 0 0 0 0 17 0 1 0 0 0 0/0 10:16 0:00 0:56
Danton Heinen 0 0 0 -1 0 0 0 0 1 1 0/0 10:29 0:00 0:20
Derek Forbort 0 0 0 1 0 1 1 0 0 0 0/0 23:19 2:00 2:31
Jacob Middleton 0 0 0 -1 5 0 0 0 0 0 0/0 14:47 1:58 1:38
Joel Edmundson 0 0 0 -2 5 2 3 2 0 1 0/0 19:22 0:00 0:52
Michael Bunting 0 0 0 -1 0 0 0 0 0 0 0/0 9:28 0:00 0:00
Mike Hoffman 0 0 0 -1 0 1 1 0 0 0 0/0 10:05 0:00 0:29
Nicholas Paul 1 0 1 1 0 1 2 0 0 0 4/8 13:02 0:00 0:00
Nikita Zadorov 0 0 0 0 2 3 2 1 0 0 0/0 24:45 2:00 1:07
Oliver Bjorkstrand 0 0 0 -2 0 0 2 1 0 0 0/1 19:52 2:00 0:00
Ryan Hartman 0 0 0 -1 0 2 2 0 2 0 0/0 18:00 1:58 2:14
Ryan Strome 0 0 0 -1 0 1 0 0 1 0 0/1 18:42 2:00 0:00
Travis Boyd 0 0 0 1 0 2 0 0 0 0 1/1 13:00 0:00 0:00
William Karlsson 0 0 0 -1 0 0 2 0 0 0 9/15 19:43 2:00 0:58
Players Stats for Minnesota North Stars
Player Name G A P +/- PIM S H SB GA TA FO MP PP MP PK MP
------------------------------------------------------------------------------------
Adam Lowry 1 0 1 1 0 2 3 0 0 0 1/2 10:27 0:31 0:00
Brandon Montour 1 0 1 0 0 2 2 3 0 1 0/0 25:31 1:03 2:22
Brock Nelson 0 1 1 1 2 2 0 2 0 0 1/3 17:12 2:26 0:36
Eeli Tolvanen 0 0 0 1 0 3 0 0 0 0 0/1 9:47 0:22 0:00
Evan Rodrigues 0 1 1 1 0 3 0 0 0 0 0/0 9:54 0:00 0:00
Evgeni Malkin 0 0 0 0 0 3 3 2 0 0 8/17 19:41 0:54 1:54
Frank Vatrano 0 1 1 0 0 0 0 0 0 1 1/1 13:08 0:29 0:15
Gustav Forsling 0 0 0 1 0 0 2 2 0 0 0/0 19:54 2:33 1:36
Jack Hughes 0 0 0 1 0 2 1 0 1 0 0/0 14:56 0:31 0:50
Jamie Oleksiak 0 0 0 1 0 0 1 0 0 1 0/0 20:03 2:42 1:36
Jeff Skinner 0 0 0 0 0 5 1 0 0 0 0/0 17:31 2:27 1:54
Jonathan Toews 0 0 0 0 0 4 2 0 0 0 2/7 14:33 0:00 1:30
Justin Holl 0 0 0 1 0 0 3 0 0 0 0/0 14:54 1:09 0:00
Neal Pionk 0 0 0 0 5 0 1 1 0 0 0/0 14:32 0:29 0:00
Rasmus Dahlin 0 0 0 1 5 1 4 1 0 3 0/0 22:04 0:00 2:22
Ryan Nugent-Hopkins 0 0 0 1 2 2 3 2 0 1 13/20 17:53 2:26 0:57
Viktor Arvidsson 1 0 1 0 0 4 0 0 1 0 0/1 17:29 0:54 0:00
Zach Parise 0 1 1 0 5 1 0 0 0 0 0/1 16:28 0:54 0:00
3 Stars
1 - Adam Lowry (MNS)
2 - Brandon Montour (MNS)
3 - Nicholas Paul (SJS)
Power Play
San Jose Sharks - 0 on 2 Attempt(s) - 0.00%
Minnesota North Stars - 0 on 2 Attempt(s) - 0.00%
Penalty Kill
San Jose Sharks - 2 on 2 Attempt(s) - 100.00%
- Score 0 goal in Penalty Kill
Minnesota North Stars - 2 on 2 Attempt(s) - 100.00%
- Score 0 goal in Penalty Kill
Team Stat
San Jose Sharks - Hits : 21 - Faceoff Wins : 27 - Blocked Shots : 7 - Penalty Minutes : 29
Minnesota North Stars - Hits : 26 - Faceoff Wins : 26 - Blocked Shots : 13 - Penalty Minutes : 19
Official
Referees : Rob Martell and Tim Peel
Linesman : David Brisebois and Scott Cherrey
Game Notes
Zach Parise and Joel Edmundson fight to a draw at 6:04 of 1st period
Jacob Middleton beats up Rasmus Dahlin at 13:51 of 1st period
Neal Pionk and Connor Murphy fight to a draw at 15:56 of 1st period
Brandon Montour has scored in a empty net!
Finance
Level 1 -- Attendance: 4989 (83.15%) -- Ticket Income $498,900
Level 2 -- Attendance: 3945 (78.90%) -- Ticket Income $236,700
Level 3 -- Attendance: 2602 (86.73%) -- Ticket Income $91,070
Level 4 -- Attendance: 3859 (77.18%) -- Ticket Income $96,475
Luxury Box -- Attendance: 723 (72.30%) -- Ticket Income $144,600
Game was played at the Met Center.
Total Attendance: 16118 (80.59%)
Total Ticket Income: $1,067,745
Other Income: $373,711
Total Income: $1,441,456
San Jose Sharks
5 vs 5 Forward
Center Left Wing Right Wing Time % Phy DF OF
1 Adam Henrique Alex Iafallo Ryan Hartman 30 1 2 2
2 William Karlsson Oliver Bjorkstrand Ryan Strome 30 1 2 2
3 Nicholas Paul Andreas Athanasiou Travis Boyd 25 1 2 2
4 Mike Hoffman Michael Bunting Danton Heinen 15 1 2 2
5 vs 5 Defense
Defense Defense Time % Phy DF OF
1 Derek Forbort Nikita Zadorov 35 1 2 2
2 Joel Edmundson Anthony Deangelo 35 1 2 2
3 Jacob Middleton Connor Murphy 30 1 2 2
4 Derek Forbort Joel Edmundson 0 1 2 2
PowerPlay Forward
Center Left Wing Right Wing Time % Phy DF OF
1 Adam Henrique Alex Iafallo Ryan Hartman 50 1 2 2
2 William Karlsson Oliver Bjorkstrand Ryan Strome 50 1 2 2
PowerPlay Defense
Defense Defense Time % Phy DF OF
1 Derek Forbort Nikita Zadorov 50 1 2 2
2 Jacob Middleton Anthony Deangelo 50 1 2 2
Penalty Kill 4 Players Forward
Center Wing Time % Phy DF OF
1 Adam Henrique William Karlsson 50 1 2 2
2 Alex Iafallo Ryan Hartman 50 1 2 2
Penalty Kill 4 Players Defense
Defense Defense Time % Phy DF OF
1 Derek Forbort Nikita Zadorov 50 1 2 2
2 Jacob Middleton Joel Edmundson 50 1 2 2
Penalty Kill - 3 Players Forward
Forward Time % Phy DF OF
1 Adam Henrique 50 1 2 2
2 William Karlsson 50 1 2 2
Penalty Kill - 3 Players Defense
Defense Defense Time % Phy DF OF
1 Derek Forbort Jacob Middleton 50 1 2 2
2 Nikita Zadorov Anthony Deangelo 50 1 2 2
4 vs 4 Forward
Center Wing Time % Phy DF OF
1 Adam Henrique William Karlsson 50 1 2 2
2 Alex Iafallo Ryan Hartman 50 1 2 2
4 vs 4 Defense
Defense Defense Time % Phy DF OF
1 Nikita Zadorov Derek Forbort 50 1 2 2
2 Anthony Deangelo Jacob Middleton 50 1 2 2
Last Minutes Offensive
Center Left Wing Right Wing Defense Defense
Adam Henrique Alex Iafallo Ryan Hartman Derek Forbort Nikita Zadorov
Last Minutes Defensive
Center Left Wing Right Wing Defense Defense
Adam Henrique Alex Iafallo Ryan Hartman Derek Forbort Nikita Zadorov
Goaltenders
Starting : James Reimer
Backup : Logan Thompson
Extra Forwards
Normal : Michael Bunting, Andreas Athanasiou, Mike Hoffman - PP : Michael Bunting, Andreas Athanasiou - PK : Mike Hoffman
Extra Defensemen
Normal : Nikita Zadorov, Jacob Middleton, Derek Forbort - PP : Nikita Zadorov - PK : Jacob Middleton, Derek Forbort
Penalty Shots
Adam Henrique, William Karlsson, Alex Iafallo, Ryan Hartman, Ryan Strome
Minnesota North Stars
5 vs 5 Forward
Center Left Wing Right Wing Time % Phy DF OF
1 Ryan Nugent-Hopkins Brock Nelson Jeff Skinner 30 1 2 2
2 Evgeni Malkin Zach Parise Viktor Arvidsson 30 1 2 2
3 Jonathan Toews Jack Hughes Frank Vatrano 25 1 2 2
4 Adam Lowry Evan Rodrigues Eeli Tolvanen 15 1 2 2
5 vs 5 Defense
Defense Defense Time % Phy DF OF
1 Rasmus Dahlin Brandon Montour 30 1 2 2
2 Jamie Oleksiak Gustav Forsling 30 1 2 2
3 Neal Pionk Justin Holl 25 1 2 2
4 Rasmus Dahlin Brandon Montour 15 1 2 2
PowerPlay Forward
Center Left Wing Right Wing Time % Phy DF OF
1 Ryan Nugent-Hopkins Brock Nelson Jeff Skinner 50 1 2 2
2 Evgeni Malkin Zach Parise Viktor Arvidsson 50 1 2 2
PowerPlay Defense
Defense Defense Time % Phy DF OF
1 Rasmus Dahlin Brandon Montour 50 1 2 2
2 Jamie Oleksiak Gustav Forsling 50 1 2 2
Penalty Kill 4 Players Forward
Center Wing Time % Phy DF OF
1 Ryan Nugent-Hopkins Evgeni Malkin 50 1 2 2
2 Brock Nelson Jeff Skinner 50 1 2 2
Penalty Kill 4 Players Defense
Defense Defense Time % Phy DF OF
1 Rasmus Dahlin Brandon Montour 50 1 2 2
2 Jamie Oleksiak Gustav Forsling 50 1 2 2
Penalty Kill - 3 Players Forward
Forward Time % Phy DF OF
1 Ryan Nugent-Hopkins 50 1 2 2
2 Evgeni Malkin 50 1 2 2
Penalty Kill - 3 Players Defense
Defense Defense Time % Phy DF OF
1 Rasmus Dahlin Brandon Montour 50 1 2 2
2 Jamie Oleksiak Gustav Forsling 50 1 2 2
4 vs 4 Forward
Center Wing Time % Phy DF OF
1 Ryan Nugent-Hopkins Evgeni Malkin 50 1 2 2
2 Brock Nelson Jeff Skinner 50 1 2 2
4 vs 4 Defense
Defense Defense Time % Phy DF OF
1 Rasmus Dahlin Brandon Montour 50 1 2 2
2 Jamie Oleksiak Gustav Forsling 50 1 2 2
Last Minutes Offensive
Center Left Wing Right Wing Defense Defense
Ryan Nugent-Hopkins Brock Nelson Jeff Skinner Rasmus Dahlin Brandon Montour
Last Minutes Defensive
Center Left Wing Right Wing Defense Defense
Ryan Nugent-Hopkins Brock Nelson Jeff Skinner Rasmus Dahlin Brandon Montour
Goaltenders
Starting : Stuart Skinner
Backup : Antti Raanta
Extra Forwards
Normal : Adam Lowry, Jack Hughes, Jonathan Toews - PP : Adam Lowry, Jack Hughes - PK : Jonathan Toews
Extra Defensemen
Normal : Neal Pionk, Justin Holl, Jamie Oleksiak - PP : Neal Pionk - PK : Justin Holl, Jamie Oleksiak
Penalty Shots
Ryan Nugent-Hopkins, Evgeni Malkin, Brock Nelson, Jeff Skinner, Jack Hughes
% Time on Ice - San Jose Sharks
Lines # - Real PCT - Wanted PCT - Time Play
Normal Forward
1 - 24% - 30% - 12:19
2 - 39% - 30% - 19:49
3 - 23% - 25% - 11:39
4 - 14% - 15% - 7:22
Normal Defense
1 - 32% - 35% - 16:30
2 - 37% - 35% - 18:53
3 - 28% - 30% - 14:25
4 - 3% - 0% - 1:21
PP Forward
1 - 50% - 50% - 1:58
2 - 50% - 50% - 2:00
PP Defense
1 - 50% - 50% - 2:00
2 - 50% - 50% - 1:58
PK Forward
1 - 26% - 50% - 1:01
2 - 74% - 50% - 2:57
PK Defense
1 - 71% - 50% - 2:50
2 - 29% - 50% - 1:08
PK3 Forward
1 - 0% - 50%
2 - 0% - 50%
PK3 Defense
1 - 0% - 50%
2 - 0% - 50%
44 Forward
1 - 0% - 50%
2 - 0% - 50%
44 Defense
1 - 0% - 50%
2 - 0% - 50%
Last Minute Offensive - 0:55
Last Minute Defensive - 0:00
Total
Forward - 60:00
Defense - 60:00
|
% Time on Ice - Minnesota North Stars
Lines # - Real PCT - Wanted PCT - Time Play
Normal Forward
1 - 24% - 30% - 12:24
2 - 38% - 30% - 19:32
3 - 21% - 25% - 10:56
4 - 16% - 15% - 8:14
Normal Defense
1 - 31% - 30% - 15:53
2 - 29% - 30% - 14:49
3 - 27% - 25% - 13:35
4 - 13% - 15% - 6:49
PP Forward
1 - 77% - 50% - 3:04
2 - 23% - 50% - 0:54
PP Defense
1 - 46% - 50% - 1:50
2 - 54% - 50% - 2:08
PK Forward
1 - 52% - 50% - 2:04
2 - 48% - 50% - 1:54
PK Defense
1 - 60% - 50% - 2:22
2 - 40% - 50% - 1:36
PK3 Forward
1 - 0% - 50%
2 - 0% - 50%
PK3 Defense
1 - 0% - 50%
2 - 0% - 50%
44 Forward
1 - 0% - 50%
2 - 0% - 50%
44 Defense
1 - 0% - 50%
2 - 0% - 50%
Last Minute Offensive - 0:00
Last Minute Defensive - 0:58
Total
Forward - 60:00
Defense - 60:00
|
Play-by-Play
1st period
0:01 of 1st period - Adam Henrique wins face-off versus Ryan Nugent-Hopkins in neutral zone.
0:14 of 1st period - Wrist shot by Ryan Hartman.
0:14 of 1st period - Deflect By Alex Iafallo.
0:14 of 1st period - Shot Blocked by Rasmus Dahlin.
0:14 of 1st period - Puck is out of play.
0:15 of 1st period - William Karlsson wins face-off versus Evgeni Malkin in Minnesota North Stars zone.
0:16 of 1st period - Slapshot by Oliver Bjorkstrand.
0:16 of 1st period - Shot Misses the Net.
0:18 of 1st period - Snap shot by Oliver Bjorkstrand.
0:18 of 1st period - Shot Blocked by Gustav Forsling.
0:20 of 1st period - Backhand shot by Anthony Deangelo.
0:20 of 1st period - Deflect By Oliver Bjorkstrand.
0:20 of 1st period - Shot Misses the Net.
0:20 of 1st period - Puck is out of play.
0:21 of 1st period - Evgeni Malkin wins face-off versus William Karlsson in Minnesota North Stars zone.
0:21 of 1st period - Evgeni Malkin is hit by Joel Edmundson.
0:45 of 1st period - Icing by Jack Hughes.
0:46 of 1st period - Andreas Athanasiou wins face-off versus Jonathan Toews in Minnesota North Stars zone.
1:21 of 1st period - Wrist shot by Eeli Tolvanen.
1:21 of 1st period - Stopped by James Reimer without a rebound.
1:22 of 1st period - Adam Henrique wins face-off versus Ryan Nugent-Hopkins in San Jose Sharks zone.
1:37 of 1st period - Slapshot by Ryan Hartman.
1:37 of 1st period - Shot Misses the Net.
2:34 of 1st period - Wrist shot by Jack Hughes.
2:34 of 1st period - Shot Misses the Net.
2:36 of 1st period - Slapshot by Jamie Oleksiak.
2:36 of 1st period - Deflect By Jack Hughes.
2:36 of 1st period - Shot Misses the Net.
2:36 of 1st period - Puck is out of play.
2:37 of 1st period - Adam Henrique wins face-off versus Jonathan Toews in San Jose Sharks zone.
2:48 of 1st period - Slapshot by Adam Henrique.
2:48 of 1st period - Stopped by Stuart Skinner without a rebound.
2:49 of 1st period - Ryan Nugent-Hopkins wins face-off versus William Karlsson in Minnesota North Stars zone.
3:14 of 1st period - Ryan Hartman is hit by Adam Lowry and loses puck.
3:27 of 1st period - Snap shot by Evan Rodrigues.
3:27 of 1st period - Stopped by James Reimer with a rebound.
4:43 of 1st period - Backhand shot by Evan Rodrigues.
4:43 of 1st period - Stopped by James Reimer with a rebound.
4:45 of 1st period - Wrist shot by Eeli Tolvanen.
4:45 of 1st period - Stopped by James Reimer without a rebound.
4:46 of 1st period - Adam Henrique wins face-off versus Eeli Tolvanen in San Jose Sharks zone.
4:53 of 1st period - Wrist shot by Evan Rodrigues.
4:53 of 1st period - Shot Blocked by Alex Iafallo.
5:11 of 1st period - Brock Nelson is hit by Anthony Deangelo and loses puck.
5:59 of 1st period - Wrist shot by Viktor Arvidsson.
5:59 of 1st period - Goal by Viktor Arvidsson - San Jose Sharks : 0 - Minnesota North Stars : 1.
6:00 of 1st period - Evgeni Malkin wins face-off versus Adam Henrique in neutral zone.
6:04 of 1st period - Zach Parise and Joel Edmundson fight to a draw.
6:04 of 1st period - Penalty to Zach Parise for Fighting.
6:04 of 1st period - Penalty to Joel Edmundson for Fighting.
6:05 of 1st period - Ryan Nugent-Hopkins wins face-off versus Adam Henrique in neutral zone.
6:08 of 1st period - Snap shot by Jeff Skinner.
6:08 of 1st period - Stopped by James Reimer with a rebound.
6:16 of 1st period - Snap shot by Alex Iafallo.
6:16 of 1st period - Stopped by Stuart Skinner with a rebound.
6:18 of 1st period - Slapshot by Nikita Zadorov.
6:18 of 1st period - Stopped by Stuart Skinner with a rebound.
6:20 of 1st period - Slapshot by Nikita Zadorov.
6:20 of 1st period - Stopped by Stuart Skinner without a rebound.
6:21 of 1st period - Nicholas Paul wins face-off versus Evgeni Malkin in Minnesota North Stars zone.
6:46 of 1st period - Nikita Zadorov is hit by Rasmus Dahlin and loses puck.
6:55 of 1st period - Snap shot by Ryan Hartman.
6:55 of 1st period - Deflect By Jonathan Toews.
6:55 of 1st period - Stopped by Stuart Skinner without a rebound.
6:56 of 1st period - William Karlsson wins face-off versus Ryan Nugent-Hopkins in Minnesota North Stars zone.
7:04 of 1st period - Minor Penalty to Brock Nelson for Tripping.
7:05 of 1st period - Adam Henrique wins face-off versus Ryan Nugent-Hopkins in Minnesota North Stars zone.
7:15 of 1st period - Jonathan Toews is hit by Ryan Hartman and loses puck.
7:32 of 1st period - Derek Forbort is hit by Brandon Montour.
7:59 of 1st period - Jamie Oleksiak is hit by Ryan Hartman and loses puck.
8:30 of 1st period - Adam Henrique is hit by Gustav Forsling and loses puck.
9:04 of 1st period - Penalty to Brock Nelson is over, Brock Nelson is back on ice.
9:17 of 1st period - Off-side.
9:18 of 1st period - Frank Vatrano wins face-off versus Nicholas Paul in neutral zone.
9:31 of 1st period - Snap shot by Jack Hughes.
9:31 of 1st period - Stopped by James Reimer with a rebound.
9:45 of 1st period - Evan Rodrigues is hit by Nikita Zadorov and loses puck.
9:54 of 1st period - Wrist shot by Mike Hoffman.
9:54 of 1st period - Stopped by Stuart Skinner with a rebound.
10:40 of 1st period - Snap shot by Brock Nelson.
10:40 of 1st period - Stopped by James Reimer without a rebound.
10:41 of 1st period - Jonathan Toews wins face-off versus Nicholas Paul in San Jose Sharks zone.
11:27 of 1st period - Jacob Middleton is hit by Ryan Nugent-Hopkins and loses puck.
11:58 of 1st period - Snap shot by Nicholas Paul.
11:58 of 1st period - Shot Misses the Net.
12:00 of 1st period - Snap shot by Travis Boyd.
12:00 of 1st period - Stopped by Stuart Skinner without a rebound.
12:01 of 1st period - William Karlsson wins face-off versus Zach Parise in Minnesota North Stars zone.
12:08 of 1st period - William Karlsson is hit by Evgeni Malkin.
12:33 of 1st period - Snap shot by Ryan Nugent-Hopkins.
12:33 of 1st period - Stopped by James Reimer with a rebound.
13:14 of 1st period - Snap shot by Adam Lowry.
13:14 of 1st period - Stopped by James Reimer with a rebound.
13:40 of 1st period - Backhand shot by Viktor Arvidsson.
13:40 of 1st period - Stopped by James Reimer without a rebound.
13:41 of 1st period - Ryan Nugent-Hopkins wins face-off versus Adam Henrique in San Jose Sharks zone.
13:42 of 1st period - Snap shot by Jeff Skinner.
13:42 of 1st period - Shot Misses the Net.
13:51 of 1st period - Jacob Middleton beats up Rasmus Dahlin.
13:51 of 1st period - Penalty to Rasmus Dahlin for Fighting.
13:51 of 1st period - Penalty to Jacob Middleton for Fighting.
13:52 of 1st period - William Karlsson wins face-off versus Evgeni Malkin in neutral zone.
13:58 of 1st period - Off-side.
13:59 of 1st period - William Karlsson wins face-off versus Viktor Arvidsson in neutral zone.
14:08 of 1st period - Snap shot by Evgeni Malkin.
14:08 of 1st period - Stopped by James Reimer without a rebound.
14:09 of 1st period - Evgeni Malkin wins face-off versus Adam Henrique in San Jose Sharks zone.
14:34 of 1st period - Brandon Montour is hit by Oliver Bjorkstrand and loses puck.
14:39 of 1st period - Wrist shot by Ryan Strome.
14:39 of 1st period - Shot Blocked by Ryan Nugent-Hopkins.
14:55 of 1st period - Snap shot by Jack Hughes.
14:55 of 1st period - Stopped by James Reimer with a rebound.
14:57 of 1st period - Wrist shot by Jonathan Toews.
14:57 of 1st period - Stopped by James Reimer without a rebound.
14:58 of 1st period - Travis Boyd wins face-off versus Jonathan Toews in San Jose Sharks zone.
15:21 of 1st period - Gustav Forsling is hit by Andreas Athanasiou and loses puck.
15:27 of 1st period - Icing by Derek Forbort.
15:28 of 1st period - Nicholas Paul wins face-off versus Evgeni Malkin in San Jose Sharks zone.
15:45 of 1st period - Wrist shot by Nicholas Paul.
15:45 of 1st period - Shot Blocked by Evgeni Malkin.
15:47 of 1st period - Wrist shot by Nicholas Paul.
15:47 of 1st period - Goal by Nicholas Paul - San Jose Sharks : 1 - Minnesota North Stars : 1.
15:48 of 1st period - Adam Henrique wins face-off versus Brock Nelson in neutral zone.
15:56 of 1st period - Neal Pionk and Connor Murphy fight to a draw.
15:56 of 1st period - Penalty to Neal Pionk for Fighting.
15:56 of 1st period - Penalty to Connor Murphy for Fighting.
15:56 of 1st period - Penalty to Connor Murphy for instigated a fight.
15:56 of 1st period - Penalty to Connor Murphy for instigated a fight.
15:57 of 1st period - Ryan Nugent-Hopkins wins face-off versus Adam Henrique in San Jose Sharks zone.
17:56 of 1st period - Penalty to Connor Murphy is over, Oliver Bjorkstrand is send on ice.
18:01 of 1st period - Wrist shot by Oliver Bjorkstrand.
18:01 of 1st period - Shot Blocked by Gustav Forsling.
18:25 of 1st period - Icing by Nikita Zadorov.
18:26 of 1st period - Nicholas Paul wins face-off versus Adam Lowry in San Jose Sharks zone.
18:39 of 1st period - Travis Boyd is hit by Adam Lowry and loses puck.
19:22 of 1st period - Icing by Anthony Deangelo.
19:23 of 1st period - Ryan Nugent-Hopkins wins face-off versus Nicholas Paul in San Jose Sharks zone.
19:24 of 1st period - Snap shot by Jeff Skinner.
19:24 of 1st period - Shot Misses the Net.
19:26 of 1st period - Wrist shot by Brock Nelson.
19:26 of 1st period - Shot Misses the Net.
19:28 of 1st period - Snap shot by Jeff Skinner.
19:28 of 1st period - Stopped by James Reimer with a rebound.
19:30 of 1st period - Slapshot by Ryan Nugent-Hopkins.
19:30 of 1st period - Shot Misses the Net.
19:32 of 1st period - Slapshot by Jeff Skinner.
19:32 of 1st period - Shot Misses the Net.
19:34 of 1st period - Slapshot by Jeff Skinner.
19:34 of 1st period - Stopped by James Reimer with a rebound.
19:36 of 1st period - Snap shot by Jeff Skinner.
19:36 of 1st period - Stopped by James Reimer without a rebound.
19:37 of 1st period - Evgeni Malkin wins face-off versus William Karlsson in San Jose Sharks zone.
Goals for this period are 1 for San Jose Sharks vs 1 for Minnesota North Stars.
Shots for this period are 8 for San Jose Sharks vs 17 for Minnesota North Stars.
2nd period
0:01 of 2nd period - William Karlsson wins face-off versus Ryan Nugent-Hopkins in neutral zone.
0:16 of 2nd period - Nikita Zadorov is hit by Ryan Nugent-Hopkins and loses puck.
1:03 of 2nd period - Wrist shot by Jonathan Toews.
1:03 of 2nd period - Deflect By Jack Hughes.
1:03 of 2nd period - Shot Blocked by Anthony Deangelo.
1:03 of 2nd period - Puck is out of play.
1:04 of 2nd period - Ryan Nugent-Hopkins wins face-off versus Adam Henrique in San Jose Sharks zone.
1:14 of 2nd period - Off-side.
1:15 of 2nd period - William Karlsson wins face-off versus Evgeni Malkin in neutral zone.
1:22 of 2nd period - Snap shot by William Karlsson.
1:22 of 2nd period - Shot Blocked by Brandon Montour.
1:24 of 2nd period - Backhand shot by Anthony Deangelo.
1:24 of 2nd period - Deflect By Evgeni Malkin.
1:24 of 2nd period - Stopped by Stuart Skinner with a rebound.
1:26 of 2nd period - Slapshot by Joel Edmundson.
1:26 of 2nd period - Shot Misses the Net.
1:28 of 2nd period - Slapshot by Joel Edmundson.
1:28 of 2nd period - Stopped by Stuart Skinner with a rebound.
1:30 of 2nd period - Slapshot by Joel Edmundson.
1:30 of 2nd period - Stopped by Stuart Skinner without a rebound.
1:31 of 2nd period - Ryan Nugent-Hopkins wins face-off versus Adam Henrique in Minnesota North Stars zone.
1:40 of 2nd period - Snap shot by Ryan Nugent-Hopkins.
1:40 of 2nd period - Stopped by James Reimer without a rebound.
1:41 of 2nd period - Adam Henrique wins face-off versus Ryan Nugent-Hopkins in San Jose Sharks zone.
1:49 of 2nd period - Off-side.
1:50 of 2nd period - Evgeni Malkin wins face-off versus Ryan Strome in neutral zone.
1:53 of 2nd period - William Karlsson is hit by Brandon Montour and loses puck.
2:20 of 2nd period - Off-side.
2:21 of 2nd period - Ryan Nugent-Hopkins wins face-off versus Adam Henrique in neutral zone.
2:29 of 2nd period - Anthony Deangelo is hit by Jamie Oleksiak and loses puck.
2:35 of 2nd period - Minor Penalty to Ryan Nugent-Hopkins for Roughing.
2:36 of 2nd period - Adam Henrique wins face-off versus Jonathan Toews in Minnesota North Stars zone.
3:09 of 2nd period - Wrist shot by Oliver Bjorkstrand.
3:09 of 2nd period - Shot Misses the Net.
3:11 of 2nd period - Snap shot by Ryan Strome.
3:11 of 2nd period - Shot Blocked by Brock Nelson.
3:35 of 2nd period - Jonathan Toews is hit by William Karlsson and loses puck.
4:35 of 2nd period - Penalty to Ryan Nugent-Hopkins is over, Ryan Nugent-Hopkins is back on ice.
4:43 of 2nd period - Neal Pionk is hit by Mike Hoffman and loses puck.
5:04 of 2nd period - Andreas Athanasiou is hit by Ryan Nugent-Hopkins and loses puck.
5:11 of 2nd period - Jeff Skinner is hit by Anthony Deangelo and loses puck.
5:49 of 2nd period - Slapshot by Viktor Arvidsson.
5:49 of 2nd period - Shot Blocked by Nikita Zadorov.
7:25 of 2nd period - Jack Hughes is hit by Derek Forbort and loses puck.
7:38 of 2nd period - Nicholas Paul is hit by Adam Lowry and loses puck.
7:49 of 2nd period - Nikita Zadorov is hit by Justin Holl and loses puck.
8:00 of 2nd period - Alex Iafallo is hit by Rasmus Dahlin.
8:04 of 2nd period - Evgeni Malkin is hit by Adam Henrique and loses puck.
8:11 of 2nd period - Ryan Hartman is hit by Evgeni Malkin and loses puck.
8:48 of 2nd period - Slapshot by Brandon Montour.
8:48 of 2nd period - Stopped by James Reimer without a rebound.
8:49 of 2nd period - Nicholas Paul wins face-off versus Evgeni Malkin in San Jose Sharks zone.
10:07 of 2nd period - Slapshot by Evgeni Malkin.
10:07 of 2nd period - Stopped by James Reimer with a rebound.
10:23 of 2nd period - Wrist shot by Evan Rodrigues.
10:23 of 2nd period - Stopped by James Reimer with a rebound.
10:25 of 2nd period - Wrist shot by Adam Lowry.
10:25 of 2nd period - Goal by Adam Lowry - San Jose Sharks : 1 - Minnesota North Stars : 2.
10:26 of 2nd period - Brock Nelson wins face-off versus William Karlsson in neutral zone.
10:51 of 2nd period - Rasmus Dahlin is hit by Nikita Zadorov and loses puck.
10:56 of 2nd period - 10 Minutes Misconduct Penalty to Connor Murphy is over.
10:56 of 2nd period - Wrist shot by Mike Hoffman.
10:56 of 2nd period - Shot Misses the Net.
10:58 of 2nd period - Wrist shot by Joel Edmundson.
10:58 of 2nd period - Deflect By Michael Bunting.
10:58 of 2nd period - Shot Blocked by Brock Nelson.
10:58 of 2nd period - Puck is out of play.
10:59 of 2nd period - Jonathan Toews wins face-off versus Adam Henrique in Minnesota North Stars zone.
11:55 of 2nd period - Snap shot by Jeff Skinner.
11:55 of 2nd period - Shot Misses the Net.
11:59 of 2nd period - Snap shot by Jeff Skinner.
11:59 of 2nd period - Stopped by James Reimer without a rebound.
12:00 of 2nd period - Adam Henrique wins face-off versus Jonathan Toews in San Jose Sharks zone.
12:15 of 2nd period - Snap shot by Alex Iafallo.
12:15 of 2nd period - Stopped by Stuart Skinner with a rebound.
12:44 of 2nd period - Michael Bunting is hit by Jonathan Toews and loses puck.
12:55 of 2nd period - Snap shot by Jonathan Toews.
12:55 of 2nd period - Stopped by James Reimer with a rebound.
13:32 of 2nd period - Slapshot by Michael Bunting.
13:32 of 2nd period - Shot Misses the Net.
13:34 of 2nd period - Slapshot by Derek Forbort.
13:34 of 2nd period - Stopped by Stuart Skinner without a rebound.
13:35 of 2nd period - William Karlsson wins face-off versus Evgeni Malkin in Minnesota North Stars zone.
14:23 of 2nd period - Wrist shot by Travis Boyd.
14:23 of 2nd period - Stopped by Stuart Skinner with a rebound.
14:25 of 2nd period - Slapshot by Jacob Middleton.
14:25 of 2nd period - Shot Misses the Net.
15:35 of 2nd period - Icing by Neal Pionk.
15:36 of 2nd period - Ryan Nugent-Hopkins wins face-off versus William Karlsson in Minnesota North Stars zone.
15:51 of 2nd period - Snap shot by Jeff Skinner.
15:51 of 2nd period - Shot Blocked by Oliver Bjorkstrand.
16:09 of 2nd period - Wrist shot by Alex Iafallo.
16:09 of 2nd period - Shot Blocked by Evgeni Malkin.
16:11 of 2nd period - Slapshot by Alex Iafallo.
16:11 of 2nd period - Stopped by Stuart Skinner with a rebound.
16:13 of 2nd period - Wrist shot by Alex Iafallo.
16:13 of 2nd period - Shot Blocked by Brandon Montour.
16:29 of 2nd period - Snap shot by Eeli Tolvanen.
16:29 of 2nd period - Stopped by James Reimer without a rebound.
16:30 of 2nd period - Ryan Nugent-Hopkins wins face-off versus William Karlsson in San Jose Sharks zone.
16:57 of 2nd period - Anthony Deangelo is hit by Jack Hughes and loses puck.
17:16 of 2nd period - Snap shot by Ryan Strome.
17:16 of 2nd period - Stopped by Stuart Skinner with a rebound.
17:18 of 2nd period - Snap shot by Ryan Strome.
17:18 of 2nd period - Deflect By Oliver Bjorkstrand.
17:18 of 2nd period - Shot Blocked by Neal Pionk.
17:18 of 2nd period - Puck is out of play.
17:19 of 2nd period - Adam Henrique wins face-off versus Evgeni Malkin in Minnesota North Stars zone.
17:20 of 2nd period - Snap shot by Ryan Hartman.
17:20 of 2nd period - Shot Misses the Net.
17:22 of 2nd period - Wrist shot by Adam Henrique.
17:22 of 2nd period - Shot Blocked by Brandon Montour.
17:24 of 2nd period - Backhand shot by Adam Henrique.
17:24 of 2nd period - Shot Misses the Net.
17:26 of 2nd period - Snap shot by Ryan Hartman.
17:26 of 2nd period - Stopped by Stuart Skinner without a rebound.
17:27 of 2nd period - Evgeni Malkin wins face-off versus Adam Henrique in Minnesota North Stars zone.
17:34 of 2nd period - Wrist shot by Evgeni Malkin.
17:34 of 2nd period - Stopped by James Reimer with a rebound.
17:57 of 2nd period - Nikita Zadorov is hit by Jeff Skinner and loses puck.
18:30 of 2nd period - Mike Hoffman is hit by Jonathan Toews.
18:52 of 2nd period - Snap shot by Jonathan Toews.
18:52 of 2nd period - Stopped by James Reimer with a rebound.
18:58 of 2nd period - Snap shot by Jonathan Toews.
18:58 of 2nd period - Stopped by James Reimer without a rebound.
18:59 of 2nd period - Evgeni Malkin wins face-off versus Adam Henrique in San Jose Sharks zone.
19:00 of 2nd period - Slapshot by Viktor Arvidsson.
19:00 of 2nd period - Stopped by James Reimer with a rebound.
19:47 of 2nd period - Slapshot by Anthony Deangelo.
19:47 of 2nd period - Shot Misses the Net.
Goals for this period are 0 for San Jose Sharks vs 1 for Minnesota North Stars.
Shots for this period are 9 for San Jose Sharks vs 12 for Minnesota North Stars.
3rd period
0:01 of 3rd period - Evgeni Malkin wins face-off versus Adam Henrique in neutral zone.
0:17 of 3rd period - Icing by Brandon Montour.
0:18 of 3rd period - William Karlsson wins face-off versus Evgeni Malkin in Minnesota North Stars zone.
0:39 of 3rd period - William Karlsson is hit by Evgeni Malkin and loses puck.
1:47 of 3rd period - Slapshot by Rasmus Dahlin.
1:47 of 3rd period - Shot Blocked by Joel Edmundson.
1:49 of 3rd period - Slapshot by Viktor Arvidsson.
1:49 of 3rd period - Shot Misses the Net.
1:51 of 3rd period - Wrist shot by Viktor Arvidsson.
1:51 of 3rd period - Stopped by James Reimer with a rebound.
1:53 of 3rd period - Wrist shot by Zach Parise.
1:53 of 3rd period - Stopped by James Reimer with a rebound.
2:33 of 3rd period - Rasmus Dahlin is hit by Joel Edmundson and loses puck.
2:46 of 3rd period - Slapshot by Anthony Deangelo.
2:46 of 3rd period - Stopped by Stuart Skinner with a rebound.
2:53 of 3rd period - Brandon Montour is hit by Joel Edmundson and loses puck.
4:50 of 3rd period - Snap shot by Evgeni Malkin.
4:50 of 3rd period - Shot Blocked by Anthony Deangelo.
4:52 of 3rd period - Slapshot by Rasmus Dahlin.
4:52 of 3rd period - Shot Blocked by Joel Edmundson.
4:54 of 3rd period - Wrist shot by Zach Parise.
4:54 of 3rd period - Shot Misses the Net.
4:56 of 3rd period - Slapshot by Rasmus Dahlin.
4:56 of 3rd period - Stopped by James Reimer with a rebound.
4:58 of 3rd period - Snap shot by Evgeni Malkin.
4:58 of 3rd period - Deflect By Viktor Arvidsson.
4:58 of 3rd period - Shot Misses the Net.
4:58 of 3rd period - Puck is out of play.
4:59 of 3rd period - Ryan Nugent-Hopkins wins face-off versus Adam Henrique in San Jose Sharks zone.
5:03 of 3rd period - Minor Penalty to Nikita Zadorov for Slashing.
5:04 of 3rd period - Ryan Nugent-Hopkins wins face-off versus Alex Iafallo in San Jose Sharks zone.
5:18 of 3rd period - Wrist shot by Brock Nelson.
5:18 of 3rd period - Stopped by James Reimer with a rebound.
5:20 of 3rd period - Wrist shot by Brock Nelson.
5:20 of 3rd period - Deflect By Ryan Nugent-Hopkins.
5:20 of 3rd period - Shot Misses the Net.
5:20 of 3rd period - Puck is out of play.
5:21 of 3rd period - Alex Iafallo wins face-off versus Ryan Nugent-Hopkins in San Jose Sharks zone.
5:33 of 3rd period - Snap shot by Brock Nelson.
5:33 of 3rd period - Deflect By Jeff Skinner.
5:33 of 3rd period - Shot Misses the Net.
5:33 of 3rd period - Puck is out of play.
5:34 of 3rd period - Alex Iafallo wins face-off versus Brock Nelson in San Jose Sharks zone.
7:03 of 3rd period - Penalty to Nikita Zadorov is over, Nikita Zadorov is back on ice.
7:34 of 3rd period - Evan Rodrigues is hit by Nicholas Paul.
8:33 of 3rd period - Jeff Skinner is hit by Nicholas Paul and loses puck.
9:44 of 3rd period - Michael Bunting is hit by Neal Pionk and loses puck.
11:32 of 3rd period - Michael Bunting is hit by Justin Holl and loses puck.
11:49 of 3rd period - Alex Iafallo is hit by Justin Holl and loses puck.
13:48 of 3rd period - Gustav Forsling is hit by Connor Murphy and loses puck.
15:01 of 3rd period - Jeff Skinner is hit by Adam Henrique and loses puck.
15:12 of 3rd period - Derek Forbort is hit by Rasmus Dahlin.
15:36 of 3rd period - Jamie Oleksiak is hit by William Karlsson and loses puck.
18:19 of 3rd period - Andreas Athanasiou is hit by Gustav Forsling and loses puck.
18:52 of 3rd period - San Jose Sharks, James Reimer is pulled from the net.
18:52 of 3rd period - Slapshot by Anthony Deangelo.
18:52 of 3rd period - Shot Blocked by Ryan Nugent-Hopkins.
19:15 of 3rd period - Snap shot by Alex Iafallo.
19:15 of 3rd period - Shot Misses the Net.
19:17 of 3rd period - Snap shot by Nikita Zadorov.
19:17 of 3rd period - Stopped by Stuart Skinner without a rebound.
19:18 of 3rd period - Paul Maurice call a timeout for San Jose Sharks.
19:18 of 3rd period - Ryan Nugent-Hopkins wins face-off versus Oliver Bjorkstrand in Minnesota North Stars zone.
19:18 of 3rd period - Ryan Nugent-Hopkins is hit by Oliver Bjorkstrand.
19:24 of 3rd period - Alex Iafallo is hit by Rasmus Dahlin and loses puck.
19:43 of 3rd period - Wrist shot by Brandon Montour.
19:43 of 3rd period - Goal by Brandon Montour - San Jose Sharks : 1 - Minnesota North Stars : 3.
19:43 of 3rd period - James Reimer from San Jose Sharks was sent back in the game.
19:44 of 3rd period - Adam Lowry wins face-off versus Nicholas Paul in neutral zone.
19:59 of 3rd period - Wrist shot by Adam Lowry.
19:59 of 3rd period - Shot Misses the Net.
Goals for this period are 0 for San Jose Sharks vs 1 for Minnesota North Stars.
Shots for this period are 2 for San Jose Sharks vs 5 for Minnesota North Stars.
Back to the Top